[Event "Titled Tuesday Blitz January 17 Early 2023"]
[White "Shipov, Sergei"]
[Black "Md, Imran"]
[WhiteFideId "4113624"]
[BlackFideId "25748580"]
[WhiteElo "2541"]
[BlackElo "2284"]
[Result "1/2-1/2"]
[Round "06"]
[TimeControl "180+2"]
[Date "2023.01.17"]
[WhiteClock "0:00:05"]
[BlackClock "0:00:09"]

1. d4 Nf6 2. c4 c5 3. d5 b5 4. cxb5 a6 5. e3 e6 6. Nc3 exd5 7. Nxd5 Bb7 8. Nxf6+ Qxf6 9. Nf3 Be7 10. a4 O-O 11. Rb1 axb5 12. axb5 d5 13. Bd2 Qg6 14. Bc3 d4 15. exd4 Bxf3 16. gxf3 cxd4 17. Bd2 Bh4 18. Bh3 Re8+ 19. Kf1 Qd3+ 20. Kg2 Re2 21. Re1 Rxf2+ 22. Kh1 Nd7 23. Bf4 Qxb5 24. Qxd4 Nf8 25. Rf1 Re2 26. Bg3 Bf6 27. Qd6 Ra6 28. Qc7 h5 29. b4 h4 30. Bd6 Rc6 31. Qb8 Qd5 32. Qxf8+ Kh7 33. Bc5 Qd2 34. Qxf7 Rxh2+ 35. Kg1 Qg5+ 36. Kxh2 Qg3+ 37. Kh1 Qxh3+ 38. Kg1 Qg3+ 39. Kh1 Qh3+ 40. Kg1 Qg3+ 41. Kh1 Qh3+ 1/2-1/2


[Site "https://www.chess.com"]

[Event "Titled Tuesday Blitz January 17 Early 2023"]
[White "Dimitrov, Atanas"]
[Black "Goldin, Alexander"]
[WhiteFideId "2901315"]
[BlackFideId "2019540"]
[WhiteElo "2269"]
[BlackElo "2542"]
[Result "1/2-1/2"]
[Round "06"]
[TimeControl "180+2"]
[Date "2023.01.17"]
[WhiteClock "0:00:07"]
[BlackClock "0:00:23"]

1. Nf3 Nf6 2. c4 e6 3. Nc3 d5 4. e3 b6 5. b3 Bb7 6. Bb2 Nbd7 7. Be2 a6 8. O-O Bd6 9. d4 O-O 10. Rc1 Qe7 11. Re1 Ne4 12. Qc2 f5 13. cxd5 exd5 14. Nxe4 fxe4 15. Ne5 Bxe5 16. dxe5 c5 17. Qc3 Rae8 18. e6 Nf6 19. Qe5 Qxe6 20. Qxe6+ Rxe6 21. Red1 Rd8 22. a4 a5 23. Rd2 Kf7 24. h3 g6 25. Rcd1 Red6 26. Be5 Re6 27. Bb2 h5 28. Bc4 Red6 29. Be2 Bc6 30. g4 hxg4 31. hxg4 g5 32. Be5 Re6 33. Bc7 Rh8 34. Bxb6 Nd7 35. Bxa5 Reh6 36. Rxd5 Bxd5 37. Rxd5 Rh1+ 38. Kg2 R8h2+ 39. Kg3 Rh3+ 40. Kg2 Nf6 41. Rxg5 R1h2+ 42. Kg1 Rh1+ 43. Kg2 R1h2+ 44. Kg1 Rh1+ 45. Kg2 1/2-1/2


[Site "https://www.chess.com"]

[Event "Titled Tuesday Blitz January 17 Early 2023"]
[White "Rozman, Levy"]
[Black "Balabayeva, Xeniya"]
[WhiteFideId "2039877"]
[BlackFideId "13719688"]
[WhiteElo "2322"]
[BlackElo "2191"]
[Result "1-0"]
[Round "06"]
[TimeControl "180+2"]
[Date "2023.01.17"]
[WhiteClock "0:02:06"]
[BlackClock "0:00:02"]

1. e4 c5 2. a3 Nc6 3. b4 cxb4 4. axb4 Nxb4 5. c3 Nc6 6. d4 d5 7. exd5 Qxd5 8. Na3 Nf6 9. Nb5 Qd8 10. d5 Ne5 11. Bf4 Nfd7 12. Qd4 f6 13. Nf3 a5 14. Nxe5 fxe5 15. Bxe5 Nxe5 16. Qxe5 Bd7 17. Nc7+ Kf7 18. Bc4 b5 19. Ba2 h6 20. d6+ e6 21. Bxe6+ Kg6 22. Qf5# 1-0


[Site "https://www.chess.com"]

[Event "Titled Tuesday Blitz January 17 Early 2023"]
[White "Kozin, Yuri"]
[Black "Lagno, Kateryna"]
[WhiteFideId "4129920"]
[BlackFideId "14109336"]
[WhiteElo "2251"]
[BlackElo "2558"]
[Result "1/2-1/2"]
[Round "06"]
[TimeControl "180+2"]
[Date "2023.01.17"]
[WhiteClock "0:00:41"]
[BlackClock "0:00:42"]

1. e4 e5 2. Nf3 Nc6 3. Bb5 a6 4. Ba4 d6 5. d4 b5 6. Bb3 Nxd4 7. Nxd4 exd4 8. Bd5 Rb8 9. Bc6+ Bd7 10. Bxd7+ Qxd7 11. Qxd4 Nf6 12. O-O Be7 13. a4 O-O 14. axb5 axb5 15. Bf4 c5 16. Qd3 Qc6 17. Re1 c4 18. Qd4 Nh5 19. Bc1 Bf6 20. Qd1 g6 21. Nc3 Rfe8 22. Nd5 Bg7 23. Ra7 Rb7 24. Rxb7 Qxb7 25. Bg5 h6 26. g4 hxg5 27. gxh5 gxh5 28. Qxh5 Re5 29. Qf3 f5 30. Nc3 d5 31. Nxd5 fxe4 32. Nf6+ Bxf6 33. Qxf6 Qg7 34. Qc6 Qe7 35. Qg6+ Qg7 36. Qc6 Qe7 37. Ra1 Kg7 38. Ra6 Qf7 39. Qh6+ Kg8 40. Ra8+ Re8 41. Rxe8+ Qxe8 42. Qxg5+ Kh8 43. Kg2 Qe6 44. h3 b4 45. c3 b3 46. h4 Kh7 47. Qh5+ Kg8 48. Qg5+ Kh7 49. Qh5+ Kg8 50. Qg5+ Kh7 1/2-1/2


[Site "https://www.chess.com"]

[Event "Titled Tuesday Blitz January 17 Early 2023"]
[White "Musovic, Armin"]
[Black "Srihari L R"]
[WhiteFideId "939935"]
[BlackFideId "46617116"]
[WhiteElo "2261"]
[BlackElo "2416"]
[Result "1-0"]
[Round "06"]
[TimeControl "180+2"]
[Date "2023.01.17"]
[WhiteClock "0:00:51"]
[BlackClock "0:00:08"]

1. a3 g6 2. Nc3 Bg7 3. e4 c5 4. Bc4 a6 5. d3 e6 6. Nge2 b5 7. Ba2 Nc6 8. O-O Nge7 9. Bg5 h6 10. Bh4 g5 11. Bg3 h5 12. Bd6 Qb6 13. b4 cxb4 14. axb4 Nd4 15. Bc5 Nxe2+ 16. Qxe2 Qc7 17. e5 Qxe5 18. Ne4 Nf5 19. c3 d5 20. Bd4 Nxd4 21. cxd4 Qxd4 22. Nd6+ Kf8 23. Rac1 Bd7 24. Rc7 Rd8 25. Nb7 Qb6 26. Rfc1 Ke7 27. Nxd8 Kxd8 28. Qf3 f5 29. Bxd5 Qxc7 30. Rxc7 Kxc7 31. Qg3+ Kc8 32. Qxg5 Bc3 33. Bf3 Bxb4 34. Qf6 Rf8 35. Qd4 Be7 36. Qb6 b4 37. Bb7+ 1-0


[Site "https://www.chess.com"]

[Event "Titled Tuesday Blitz January 17 Early 2023"]
[White "Gauri, Shankar"]
[Black "Bosnjak, Petar"]
[WhiteFideId "5041350"]
[BlackFideId "14532581"]
[WhiteElo "2360"]
[BlackElo "2337"]
[Result "0-1"]
[Round "06"]
[TimeControl "180+2"]
[Date "2023.01.17"]
[WhiteClock "0:00:02"]
[BlackClock "0:01:07"]

1. Nf3 c6 2. g3 d5 3. Bg2 Nf6 4. O-O Bg4 5. h3 Bh5 6. c4 e6 7. Qb3 Qb6 8. d3 Nbd7 9. Be3 Bc5 10. d4 Be7 11. Nc3 O-O 12. c5 Qxb3 13. axb3 a6 14. b4 Rfe8 15. Nh4 Bg6 16. Nxg6 hxg6 17. f4 Nh7 18. Bf2 f5 19. g4 Nhf6 20. e3 Kf7 21. Bf3 Rh8 22. Kg2 Ne4 23. Rh1 Ndf6 24. g5 Nh5 25. Nxe4 dxe4 26. Be2 Rac8 27. Bc4 Bd8 28. Bb3 Bc7 29. h4 Ke7 30. Be1 Rh7 31. Rf1 Rd8 32. Bc4 Rhh8 33. Bb3 Bb8 34. Bc3 Nxf4+ 35. exf4 Rxh4 36. Rh1 Rg4+ 37. Kf2 Rxf4+ 38. Ke2 Rg4 39. Rh7 Rg8 40. d5 exd5 41. Bxg7 Ke6 42. Bf6 f4 43. Rxb7 Kf5 44. Rxa6 Rg3 45. Ba4 f3+ 46. Ke3 Bf4+ 47. Kd4 f2 48. Bc2 f1=Q 49. Bxe4+ dxe4 0-1


[Site "https://www.chess.com"]

[Event "Titled Tuesday Blitz January 17 Early 2023"]
[White "Santos Flores, Alberto"]
[Black "Atakhan, Abtin"]
[WhiteFideId "3601234"]
[BlackFideId "22502203"]
[WhiteElo "2164"]
[BlackElo "2422"]
[Result "1-0"]
[Round "06"]
[TimeControl "180+2"]
[Date "2023.01.17"]
[WhiteClock "0:00:51"]
[BlackClock "0:00:36"]

1. e4 c5 2. Nf3 Nc6 3. Nc3 g6 4. d4 cxd4 5. Nxd4 Bg7 6. Be3 Nf6 7. Bc4 O-O 8. Bb3 Re8 9. f3 e6 10. f4 d5 11. e5 Nd7 12. Qd2 Nc5 13. Nxc6 Nxb3 14. Nxd8 Nxd2 15. Nxf7 Nc4 16. Nd6 Nxd6 17. exd6 d4 18. Nb5 dxe3 19. Nc7 Bd7 20. Nxa8 Rxa8 21. O-O-O Bc6 22. Rhe1 Bxg2 23. Rxe3 Bd5 24. d7 Kf7 25. c4 Bh6 26. cxd5 Bxf4 27. dxe6+ Ke7 28. Kd2 Rd8 29. Re1 Rf8 30. Kd3 Bxe3 31. Rxe3 Rf2 32. Re2 Rf5 33. Kd4 Rf1 34. Rd2 Re1 35. Kd5 h5 36. Kc5 Kd8 37. Kd6 g5 38. Rd5 g4 39. Rxh5 Rd1+ 40. Ke5 1-0


[Site "https://www.chess.com"]

[Event "Titled Tuesday Blitz January 17 Early 2023"]
[White "Klose, Eli"]
[Black "Gheorghiu, Calin"]
[WhiteFideId "16242955"]
[BlackFideId "1200305"]
[WhiteElo "1519"]
[BlackElo "2313"]
[Result "1-0"]
[Round "06"]
[TimeControl "180+2"]
[Date "2023.01.17"]
[WhiteClock "0:00:12"]
[BlackClock "0:00:01"]

1. e4 e5 2. Nf3 Nc6 3. d4 exd4 4. Bc4 Nf6 5. O-O Be7 6. e5 Ne4 7. Nxd4 O-O 8. Nxc6 dxc6 9. Qe2 Nc5 10. Nc3 Be6 11. Be3 Bxc4 12. Qxc4 Ne6 13. Rad1 Qc8 14. f4 Rd8 15. Rxd8+ Qxd8 16. f5 Nf8 17. f6 gxf6 18. exf6 Bd6 19. h4 Qd7 20. Ne4 Re8 21. Nxd6 cxd6 22. Rf3 d5 23. Qf4 Re4 24. Rg3+ Kh8 25. Qh6 Ne6 26. Qh5 Qe8 27. Bh6 Nf4 28. Bxf4 Rxf4 29. Qg5 Qe1+ 30. Kh2 1-0


[Site "https://www.chess.com"]

[Event "Titled Tuesday Blitz January 17 Early 2023"]
[White "Kukula, Pawel"]
[Black "Kodinets, Konstantin L."]
[WhiteFideId "1115081"]
[BlackFideId "4122011"]
[WhiteElo "2135"]
[BlackElo "2409"]
[Result "1-0"]
[Round "06"]
[TimeControl "180+2"]
[Date "2023.01.17"]
[WhiteClock "0:00:07"]
[BlackClock "0:01:11"]

1. c4 c6 2. Nf3 d6 3. d4 Nd7 4. Nc3 Ngf6 5. g3 e5 6. Bg2 Be7 7. O-O O-O 8. b3 Re8 9. Bb2 a6 10. Qc2 Bf8 11. dxe5 dxe5 12. Rad1 Qc7 13. Ng5 h6 14. Nge4 Nxe4 15. Nxe4 Nc5 16. a3 a5 17. Rd2 Bg4 18. Rfd1 Bh5 19. Nxc5 Bxc5 20. Be4 Qb6 21. Bh7+ Kh8 22. Qf5 Bxf2+ 23. Kg2 Bd4 24. Qxh5 Kxh7 25. Qxf7 Qxb3 26. Rxd4 exd4 27. Bxd4 Rg8 28. Qf5+ Kh8 29. Qg6 Qe3 30. Bxe3 1-0


[Site "https://www.chess.com"]

[Event "Titled Tuesday Blitz January 17 Early 2023"]
[White "Poeta, Caio Medeiros"]
[Black "Williams, Simon K"]
[WhiteFideId "2142660"]
[BlackFideId "404454"]
[WhiteElo "2088"]
[BlackElo "2465"]
[Result "1-0"]
[Round "06"]
[TimeControl "180+2"]
[Date "2023.01.17"]
[WhiteClock "0:00:13"]
[BlackClock "0:00:04"]

1. d4 e6 2. c4 b6 3. f3 Bb7 4. e4 f5 5. exf5 Nh6 6. fxe6 Nf5 7. Bf4 dxe6 8. Ne2 Nc6 9. d5 exd5 10. cxd5 Nb4 11. Nbc3 Bc5 12. Qa4+ Kf7 13. O-O-O Re8 14. Ng3 Ne3 15. Bxe3 Rxe3 16. Nge4 a5 17. Bc4 Kg6 18. Kb1 Bc8 19. Nxc5 bxc5 20. Qb5 Bf5+ 21. Ne4 Qe7 22. a3 Bxe4+ 23. fxe4 Qxe4+ 24. Ka1 Nc2+ 25. Ka2 Nd4 26. Qxc5 Rb8 27. Qxd4 Qc2 28. Bd3+ Rxd3 29. Qxd3+ Qxd3 30. Rxd3 1-0


[Site "https://www.chess.com"]

[Event "Titled Tuesday Blitz January 17 Early 2023"]
[White "Womacka, Mathias"]
[Black "Sourath Biswas"]
[WhiteFideId "4611390"]
[BlackFideId "35091484"]
[WhiteElo "2396"]
[BlackElo "2281"]
[Result "1-0"]
[Round "06"]
[TimeControl "180+2"]
[Date "2023.01.17"]
[WhiteClock "0:00:57"]
[BlackClock "0:00:36"]

1. e4 c6 2. d4 d5 3. Nd2 dxe4 4. Nxe4 Bf5 5. Ng3 Bg6 6. h4 h6 7. Nf3 Nd7 8. h5 Bh7 9. Bd3 Bxd3 10. Qxd3 e6 11. Bd2 Ngf6 12. O-O-O Be7 13. Kb1 O-O 14. Ne4 Nxe4 15. Qxe4 Nf6 16. Qe2 Qd5 17. Ne5 Qe4 18. Be3 Nd5 19. Rhe1 Rad8 20. f3 Qxe3 21. Qxe3 Nxe3 22. Rxe3 Bf6 23. Red3 c5 24. dxc5 Rxd3 25. Nxd3 Rd8 26. c3 Rd5 27. g4 Be7 28. b4 f5 29. Nf2 Rxd1+ 30. Nxd1 fxg4 31. fxg4 g6 32. Nf2 Kf7 33. Ne4 gxh5 34. gxh5 e5 35. Kc2 Ke6 36. Kd3 Kf5 37. Nd6+ Bxd6 38. cxd6 Ke6 39. c4 Kxd6 40. Ke4 Ke6 41. c5 a6 42. a4 Kf6 43. Kd5 Kf5 44. b5 axb5 45. axb5 e4 46. c6 bxc6+ 47. bxc6 e3 48. c7 e2 49. c8=Q+ Kg5 50. Qe6 Kxh5 51. Qxe2+ Kh4 52. Qh2+ Kg5 53. Ke4 h5 54. Qg3+ Kf6 55. Qh4+ 1-0


[Site "https://www.chess.com"]

[Event "Titled Tuesday Blitz January 17 Early 2023"]
[White "Tarlabasi, Emirhan"]
[Black "Pasaribu, Ivan Maxmillian Putra"]
[WhiteFideId "6350275"]
[BlackFideId "7104219"]
[WhiteElo "2300"]
[BlackElo "2229"]
[Result "0-1"]
[Round "06"]
[TimeControl "180+2"]
[Date "2023.01.17"]
[WhiteClock "0:00:17"]
[BlackClock "0:00:28"]

1. d4 d5 2. c4 c6 3. e3 Nf6 4. Nf3 a6 5. b3 Bg4 6. Bb2 Nbd7 7. Be2 e6 8. O-O b5 9. Nbd2 Bd6 10. Rc1 O-O 11. Ne5 Bxe2 12. Qxe2 bxc4 13. bxc4 c5 14. Nb3 cxd4 15. exd4 dxc4 16. Rxc4 Qb8 17. Rfc1 Qb5 18. Qf3 Nb6 19. Rc6 Bxe5 20. dxe5 Nfd5 21. Ba3 Rfc8 22. R1c5 Rxc6 23. Rxb5 axb5 24. Bc5 Rxa2 25. h4 Nd7 26. Bd6 Rcc2 27. Qd3 Rxf2 28. Qxb5 Rxg2+ 29. Kh1 Rh2+ 30. Kg1 Rag2+ 31. Kf1 Ne3+ 32. Ke1 Rh1+ 0-1


[Site "https://www.chess.com"]

[Event "Titled Tuesday Blitz January 17 Early 2023"]
[White "Pfreundt, Jakob"]
[Black "Golding, Alex"]
[WhiteFideId "12918156"]
[BlackFideId "427241"]
[WhiteElo "2407"]
[BlackElo "2318"]
[Result "1-0"]
[Round "06"]
[TimeControl "180+2"]
[Date "2023.01.17"]
[WhiteClock "0:00:06"]
[BlackClock "0:00:06"]

1. Nf3 Nf6 2. g3 c6 3. Bg2 d5 4. O-O Bg4 5. d4 Bxf3 6. Bxf3 Nbd7 7. c4 e6 8. Nd2 Bb4 9. Qc2 O-O 10. a3 Ba5 11. b4 Bc7 12. e4 dxe4 13. Nxe4 Nxe4 14. Qxe4 Nf6 15. Qh4 h6 16. Rd1 Qd7 17. Bxh6 Bd8 18. Bg5 Nh7 19. Bxd8 Raxd8 20. d5 exd5 21. cxd5 cxd5 22. Rxd5 Qc7 23. Rh5 Qc3 24. Rf1 Qxf3 25. Rxh7 f6 26. Rh8+ Kf7 27. Qc4+ Qd5 28. Rxf8+ Kxf8 29. Qxd5 Rxd5 30. Rc1 Rd7 31. h4 b6 32. Rc3 Kf7 33. Kg2 Kg6 34. g4 Rd4 35. Kg3 Rd7 36. h5+ Kh6 37. Kh4 Rd2 38. f4 Rh2+ 39. Kg3 Ra2 40. Kf3 a5 41. bxa5 bxa5 42. Ke4 Rg2 43. Kf5 Ra2 44. g5+ fxg5 45. fxg5+ Kh7 46. Ke6 Rh2 47. g6+ Kh6 48. Rc5 a4 49. Kf7 Rf2+ 50. Kg8 Rf3 51. Rc7 Rxa3 52. Rxg7 Kxh5 53. Kh7 Kg5 54. Ra7 Kf6 55. Ra6+ Ke5 56. g7 Rh3+ 57. Rh6 Rg3 58. g8=Q Rxg8 59. Kxg8 Kd4 60. Ra6 Kc5 61. Rxa4 Kb5 62. Rg4 Kc5 63. Kf7 1-0


[Site "https://www.chess.com"]

[Event "Titled Tuesday Blitz January 17 Early 2023"]
[White "Jimenez, Joaquin"]
[Black "Kochetov, Andrey"]
[WhiteFideId "109860"]
[BlackFideId "24130532"]
[WhiteElo "2195"]
[BlackElo "2165"]
[Result "0-1"]
[Round "06"]
[TimeControl "180+2"]
[Date "2023.01.17"]
[WhiteClock "0:00:13"]
[BlackClock "0:00:07"]

1. e4 e5 2. Nf3 Nf6 3. d4 Nxe4 4. dxe5 d5 5. Nbd2 Bf5 6. Nb3 c5 7. c4 d4 8. Bd3 Nc6 9. Qe2 Nb4 10. Bxe4 d3 11. Qd1 Nc2+ 12. Kf1 Bxe4 13. Rb1 Be7 14. Bd2 O-O 15. Bc3 Qd7 16. Nbd2 Bg6 17. h4 h6 18. h5 Bh7 19. Rh3 Qg4 20. Kg1 a6 21. Ne1 Qe6 22. Nxd3 Nb4 23. Bxb4 cxb4 24. Rc1 Rfd8 25. Ne1 Bg5 26. Nef3 Bxd2 27. Nxd2 Qd7 28. e6 fxe6 29. Qg4 Bf5 0-1


[Site "https://www.chess.com"]

[Event "Titled Tuesday Blitz January 17 Early 2023"]
[White "Sreyas Payyappat"]
[Black "Fernandez Garcia, Gumersindo"]
[WhiteFideId "46674969"]
[BlackFideId "24516740"]
[WhiteElo "2076"]
[BlackElo "2160"]
[Result "1-0"]
[Round "06"]
[TimeControl "180+2"]
[Date "2023.01.17"]
[WhiteClock "0:00:28"]
[BlackClock "0:00:03"]

1. e4 d6 2. d4 Nf6 3. Nc3 e5 4. dxe5 dxe5 5. Qxd8+ Kxd8 6. Bg5 Ke8 7. Bxf6 gxf6 8. Nd5 Bd6 9. Nxf6+ Kf8 10. O-O-O Be6 11. Nf3 Nc6 12. Ng5 Ke7 13. Nd5+ Bxd5 14. exd5 Nd4 15. c3 Nf5 16. Bd3 Ng7 17. Rhe1 h6 18. Nf3 f6 19. Nh4 Kd7 20. Nf5 Nxf5 21. Bxf5+ Ke7 22. Be6 Rh7 23. Rd3 Rg7 24. Rg3 Rg5 25. Ree3 c6 26. h4 Rxg3 27. Rxg3 cxd5 28. Bxd5 Bc5 29. Rg7+ Kd6 30. c4 Bxf2 31. Rxb7 Rf8 32. h5 f5 33. Rh7 Rf6 34. Kd2 e4 35. Ke2 Bd4 36. b4 Ke5 37. g3 Bc3 38. b5 a6 39. a4 Kd4 40. Rg7 Bb4 41. Rg6 Rf8 42. bxa6 Bc5 43. Rg7 Rb8 44. a7 Rb2+ 45. Kd1 Kd3 46. Bxe4+ fxe4 47. Rd7+ Kc3 48. a8=Q e3 49. Qa5+ Bb4 50. Qe5+ Kb3 51. Rd3+ Ka2 52. Qxb2+ Kxb2 53. Rxe3 1-0


[Site "https://www.chess.com"]

[Event "Titled Tuesday Blitz January 17 Early 2023"]
[White "Korchmar, Vasiliy"]
[Black "Estrada Nieto, Julian"]
[WhiteFideId "24131750"]
[BlackFideId "5101018"]
[WhiteElo "2438"]
[BlackElo "2215"]
[Result "1-0"]
[Round "06"]
[TimeControl "180+2"]
[Date "2023.01.17"]
[WhiteClock "0:00:12"]
[BlackClock "0:00:01"]

1. e4 e5 2. Nf3 Nc6 3. Bc4 Bc5 4. c3 Nf6 5. d3 d6 6. Bg5 h6 7. Bh4 a6 8. Nbd2 g5 9. Bg3 Bg4 10. O-O Nh5 11. Qb3 O-O 12. Qc2 Ba7 13. a4 Ne7 14. Kh1 Ng6 15. d4 Qe7 16. h3 Bd7 17. Rfe1 Kh7 18. dxe5 dxe5 19. Nf1 Nhf4 20. Ne3 Bxe3 21. fxe3 Nh5 22. Bh2 f6 23. Qe2 Ng7 24. a5 Be6 25. Bg3 Rfd8 26. Rf1 Qc5 27. Bxe6 Nxe6 28. Nh2 Rf8 29. Rf2 Qe7 30. Raf1 Nc5 31. Qc4 Rad8 32. Ng4 Nd7 33. Qxc7 Rf7 34. Nxf6+ Nxf6 35. Qxe7 Rxe7 36. Rxf6 Kg7 37. Rb6 Rd3 38. Rff6 Nf8 39. Rf5 Rxe3 40. Rxe5 Rf7 41. Kh2 Ng6 42. Rf5 h5 43. Rxf7+ Kxf7 44. Rxb7+ Kf6 45. Rb6+ Kf7 46. Rxa6 h4 47. Bd6 Rxe4 48. Rb6 Re2 49. a6 Re1 50. a7 Ra1 51. Rb7+ Ke6 52. Bb8 Kf5 53. Rb5+ Ke4 54. Rxg5 Nf4 55. Rg4 Kd3 56. Rxf4 Ra2 57. Rxh4 Kc2 58. Rg4 Kb3 59. h4 Ra6 60. h5 Kc2 61. Kh3 1-0


[Site "https://www.chess.com"]

[Event "Titled Tuesday Blitz January 17 Early 2023"]
[White "Djokovic, Nebojsa"]
[Black "Valle Maytin, Luis Enrique"]
[WhiteFideId "938300"]
[BlackFideId "3503666"]
[WhiteElo "2119"]
[BlackElo "2241"]
[Result "1-0"]
[Round "06"]
[TimeControl "180+2"]
[Date "2023.01.17"]
[WhiteClock "0:01:23"]
[BlackClock "0:00:44"]

1. c4 c5 2. Nf3 Nc6 3. d4 cxd4 4. Nxd4 Nf6 5. Nc3 e6 6. g3 d5 7. cxd5 Nxd5 8. Nxc6 bxc6 9. Bd2 Be7 10. Bg2 O-O 11. O-O Ba6 12. Bf3 Qb6 13. b3 Rad8 14. Qe1 Bf6 15. Rc1 Bb5 16. Ne4 Be7 17. Ba5 Qd4 18. Bxd8 Rxd8 19. a4 Ba6 20. Qa5 Bb7 21. Nc5 Bxc5 22. Rxc5 Ra8 23. e3 Qf6 24. Bxd5 exd5 25. Qc7 Qd8 26. Qxb7 Rb8 27. Qxc6 h6 28. Qxd5 Qf8 29. Rfc1 1-0


[Site "https://www.chess.com"]

[Event "Titled Tuesday Blitz January 17 Early 2023"]
[White "Iskusnyh, Sergei"]
[Black "Erzhanov, Arman"]
[WhiteFideId "4120027"]
[BlackFideId "4138821"]
[WhiteElo "2440"]
[BlackElo "2228"]
[Result "0-1"]
[Round "06"]
[TimeControl "180+2"]
[Date "2023.01.17"]
[WhiteClock "0:00:53"]
[BlackClock "0:01:12"]

1. d4 d6 2. Nf3 g6 3. c4 Bg7 4. g3 e5 5. Nc3 Nd7 6. Bg2 Ne7 7. O-O O-O 8. dxe5 dxe5 9. e4 Nc5 10. b3 Bg4 11. Ba3 b6 12. Qxd8 Rfxd8 13. Nd5 Nxd5 14. cxd5 Nxe4 15. Rfe1 Bxf3 16. Bxf3 Nd2 17. Bg2 e4 18. Rac1 Rac8 19. Bxe4 Nxe4 20. Rxe4 Rxd5 21. Rxc7 Rxc7 22. Re8+ Bf8 23. Bxf8 f5 24. Bd6+ Kf7 25. Rf8+ Kg7 26. Rd8 Rc1+ 27. Kg2 Rcd1 28. Bf8+ Kf7 29. Ra8 Rd8 0-1


[Site "https://www.chess.com"]

[Event "Titled Tuesday Blitz January 17 Early 2023"]
[White "Ismagilov, Damir"]
[Black "Tokhirjonova, Gulrukhbegim"]
[WhiteFideId "34199982"]
[BlackFideId "14203626"]
[WhiteElo "2156"]
[BlackElo "2340"]
[Result "1-0"]
[Round "06"]
[TimeControl "180+2"]
[Date "2023.01.17"]
[WhiteClock "0:00:09"]
[BlackClock "0:00:06"]

1. e4 e5 2. Nf3 Nc6 3. Nc3 Nf6 4. a4 Bd6 5. Bc4 O-O 6. d3 h6 7. O-O Bc5 8. Be3 d6 9. h3 a6 10. Qd2 Kh7 11. a5 Be6 12. Nd5 Nd4 13. Nxd4 Bxd4 14. Bxd4 exd4 15. Nxf6+ Qxf6 16. Bxe6 fxe6 17. f4 c5 18. Qe2 Rae8 19. e5 dxe5 20. fxe5 Qg6 21. Rf3 Rf5 22. Rxf5 exf5 23. Re1 f4 24. Qf3 Qf5 25. Re4 Rxe5 26. Rxf4 Qg5 27. Kh2 Re3 28. Qg4 Qxg4 29. hxg4 Re2 30. Rf7 Rxc2 31. Rxb7 Rd2 32. Rb6 Rxd3 33. Rxa6 Rb3 34. Rb6 Rxb6 35. axb6 d3 36. b7 d2 37. b8=Q d1=Q 38. Qf4 Qe2 39. Qf5+ Kh8 40. b3 Qb5 41. Qf8+ Kh7 42. Qf5+ Kh8 43. Qe6 Qb4 44. Qc8+ Kh7 45. Qf5+ Kh8 46. Qe6 Qf4+ 47. Kh3 Qb4 48. Kg3 Qc3+ 49. Kf4 Qd2+ 50. Kf5 Qxg2 51. Qc8+ Kh7 52. Qxc5 Qf1+ 53. Ke6 Qa6+ 54. Qd6 Qe2+ 55. Qe5 Qxg4+ 56. Qf5+ Qxf5+ 57. Kxf5 g6+ 58. Kf6 h5 59. b4 h4 60. b5 h3 61. b6 h2 62. b7 h1=Q 63. b8=Q Qf3+ 64. Kg5 Qe3+ 65. Kg4 Qe4+ 66. Kg3 Qd3+ 67. Kg4 Qf5+ 68. Kg3 Qg5+ 69. Kh3 Qf5+ 70. Kg3 Kh6 71. Qh8+ Kg5 72. Qh4# 1-0


[Site "https://www.chess.com"]

[Event "Titled Tuesday Blitz January 17 Early 2023"]
[White "Odegov, Artem"]
[Black "Wahedi, Ahmad Siar"]
[WhiteFideId "34183644"]
[BlackFideId "4651260"]
[WhiteElo "2261"]
[BlackElo "2274"]
[Result "1-0"]
[Round "06"]
[TimeControl "180+2"]
[Date "2023.01.17"]
[WhiteClock "0:01:46"]
[BlackClock "0:01:52"]

1. d4 d5 2. c4 c6 3. Nc3 Nf6 4. Nf3 e6 5. Bg5 h6 6. Bh4 Nbd7 7. e3 Bd6 8. Qc2 b6 9. cxd5 exd5 10. Bd3 Bb7 11. O-O O-O 12. Rac1 Rc8 13. Bf5 g5 14. Bg3 Bxg3 15. hxg3 Qe7 16. Ne5 Rcd8 17. f4 Nxe5 18. fxe5 Nh5 19. Rf3 c5 20. Rcf1 f6 21. Bg4 Nxg3 22. Qg6+ Qg7 23. Be6+ Kh8 24. Qxg7+ Kxg7 25. exf6+ Kg6 26. Rxg3 cxd4 27. exd4 Rxf6 28. Rxf6+ Kxf6 29. Bg4 Re8 30. Rf3+ Kg7 31. Kf2 Bc6 32. Bh5 Re7 33. Ne2 Re4 34. Ng3 Re7 35. Nf5+ 1-0


[Site "https://www.chess.com"]

[Event "Titled Tuesday Blitz January 17 Early 2023"]
[White "Mohamed Anees M"]
[Black "Bon, Michael"]
[WhiteFideId "35065815"]
[BlackFideId "620696"]
[WhiteElo "2315"]
[BlackElo "2394"]
[Result "1-0"]
[Round "06"]
[TimeControl "180+2"]
[Date "2023.01.17"]
[WhiteClock "0:00:57"]
[BlackClock "0:00:01"]

1. Nf3 d5 2. b3 g6 3. Bb2 Nf6 4. Bxf6 exf6 5. g3 Bg7 6. d4 f5 7. e3 Be6 8. Bg2 O-O 9. O-O Nd7 10. Nc3 c6 11. Ne2 g5 12. Rc1 b5 13. h4 h6 14. c3 Bf6 15. h5 Kg7 16. Qd3 Nb6 17. Ne5 a5 18. Nxc6 Qd6 19. Qxb5 Nd7 20. f4 Rfc8 21. Ne5 a4 22. Qd3 g4 23. c4 axb3 24. axb3 Rab8 25. cxd5 Bxd5 26. Qxf5 Bxg2 27. Kxg2 Rxc1 28. Rxc1 Qd5+ 29. e4 Qxb3 30. Qxg4+ Kh7 31. Nxd7 1-0


[Site "https://www.chess.com"]

[Event "Titled Tuesday Blitz January 17 Early 2023"]
[White "Osmak, Yuliia"]
[Black "Papayan, Oleg"]
[WhiteFideId "14101602"]
[BlackFideId "4193911"]
[WhiteElo "2440"]
[BlackElo "2253"]
[Result "0-1"]
[Round "06"]
[TimeControl "180+2"]
[Date "2023.01.17"]
[WhiteClock "0:00:01"]
[BlackClock "0:00:20"]

1. e4 c5 2. b3 b6 3. Bb2 Bb7 4. Nc3 Nf6 5. e5 Nd5 6. Nxd5 Bxd5 7. Nf3 e6 8. c4 Bb7 9. d4 cxd4 10. Qxd4 Nc6 11. Qg4 Bb4+ 12. Nd2 Bxd2+ 13. Kxd2 O-O 14. Rd1 a5 15. a3 a4 16. b4 Ne7 17. Kc1 b5 18. c5 Bc6 19. Bd3 Nd5 20. h4 Qe8 21. h5 f5 22. exf6 Nxf6 23. Qg3 h6 24. Rh4 Qe7 25. Qg6 Qf7 26. Qg3 Rae8 27. Bg6 Qe7 28. Bxe8 Qxe8 29. Rf4 Nxh5 30. Rxf8+ Qxf8 31. Qg6 Nf4 32. Qg4 Nxg2 33. Rg1 Bf3 34. Qg3 g5 35. Rxg2 Bxg2 36. Qxg2 Qf4+ 37. Kb1 Qf5+ 38. Ka1 Qd3 39. Qg1 Kf7 40. Qe1 Kg6 41. Qb1 Qf5 42. Qxf5+ exf5 43. Kb1 h5 44. Kc2 h4 45. Be5 f4 46. Kd2 h3 47. Ke2 h2 0-1


[Site "https://www.chess.com"]

[Event "Titled Tuesday Blitz January 17 Early 2023"]
[White "Gutkin, Ilya"]
[Black "Aldokhin, Ivan"]
[WhiteFideId "16203470"]
[BlackFideId "24115720"]
[WhiteElo "2273"]
[BlackElo "2413"]
[Result "0-1"]
[Round "06"]
[TimeControl "180+2"]
[Date "2023.01.17"]
[WhiteClock "0:00:01"]
[BlackClock "0:01:04"]

1. e4 c5 2. Nf3 e6 3. d4 cxd4 4. Nxd4 a6 5. Nc3 Qc7 6. a3 Nf6 7. Bg5 Be7 8. Be2 d6 9. O-O b5 10. f4 Bb7 11. Bf3 Nbd7 12. Nb3 h6 13. Bh4 g5 14. Bg3 gxf4 15. Bxf4 Ne5 16. Bxe5 dxe5 17. Qe2 Rc8 18. Kh1 h5 19. Rf2 Qc4 20. Raf1 Qxe2 21. Rxe2 Bxa3 22. Nxb5 Bb4 23. Na3 Bxa3 24. bxa3 Ke7 25. Na5 Ba8 26. Rb1 Rc5 27. Nb3 Rc3 28. Kg1 Rhc8 29. Rb2 R8c4 30. Kf2 Nxe4+ 31. Bxe4 Rxe4 32. Rxe4 Bxe4 33. Nd2 Rxc2 34. Rxc2 Bxc2 35. Nc4 f6 36. g3 Bd3 37. Ne3 f5 38. Nd1 Kd6 39. Ke3 Bf1 40. Nc3 Kc5 41. Na4+ Kb5 42. Nc3+ Kc4 43. Na4 Kb3 44. Nc5+ Kxa3 45. Nxe6 a5 0-1


[Site "https://www.chess.com"]